 Dungeon Crawl Stone Soup version 0.25.1-2-g60ff931 (webtiles) character file.

Game seed: 31225600171289256

59 Bacontarian the Skirmisher (level 3, 0/34 HPs)
             Began as a Minotaur Fighter on July 31, 2020.
             Slain by an adder (1 damage)
             ... on level 2 of the Dungeon.
             The game lasted 00:06:46 (1504 turns).

Bacontarian the Skirmisher (Minotaur Fighter)       Turns: 1504, Time: 00:06:46

Health: 0/34       AC:  8    Str: 21    XL:     3   Next: 78%
Magic:  2/2        EV:  7    Int:  5    God:
Gold:   69         SH:  9    Dex:  9    Spells: 2/2 levels left

rFire    . . .     SeeInvis .   a - +0 flail
rCold    . . .     Gourm    .   c - +0 kite shield
rNeg     . . .     Faith    .   b - +0 scale mail
rPois    .         Spirit   .   (helmet restricted)
rElec    .         Reflect  .   (no cloak)
rCorr    .         Harm     .   j - +0 pair of gloves (curse)
MR       .....                  (no boots)
Stlth    ..........             (no amulet)
HPRegen  0.11/turn              (no ring)
MPRegen  0.08/turn              (no ring)

@: lethally poisoned (0 -> -2)
A: retaliatory headbutt, horns 2
a: no special abilities


You were on level 2 of the Dungeon.
You were not hungry.

You visited 1 branch of the dungeon, and saw 2 of its levels.

You collected 69 gold pieces.

Inventory:

Hand Weapons
 a - a +0 flail (weapon)
Armour
 b - a +0 scale mail (worn)
 c - a +0 kite shield (worn)
 j - a cursed +0 pair of gloves (worn)
Jewellery
 l - an uncursed ring of positive energy {unknown}
 m - a cursed ring of attention {unknown}
Scrolls
 g - 2 scrolls of teleportation {unknown}
 i - a scroll of fear {unknown}
 k - a scroll of enchant weapon {unknown}
 q - a scroll of magic mapping {unknown}
 r - a scroll of remove curse {unknown}
 s - a scroll of random uselessness {unknown}
Potions
 d - a potion of might
 e - a potion of heal wounds {unknown}
 h - a potion of resistance {unknown}
 n - a potion of brilliance {unknown}
 o - 2 potions of degeneration {unknown}
Comestibles
 f - a ration


   Skills:
 + Level 4.3 Fighting
 + Level 3.2 Maces & Flails
 + Level 4.2 Armour
 + Level 4.2 Shields


You had 2 spell levels left.
You didn't know any spells.
Your spell library was empty.

Dungeon Overview and Level Annotations

Branches:
Dungeon (2/15)

Altars:
Ashenzari


Innate Abilities, Weirdness & Mutations

You reflexively headbutt those who attack you in melee.
You have a pair of horns on your head.


Message History

* * * LOW HITPOINT WARNING * * *
You feel sick.
* * * LOW HITPOINT WARNING * * *
You feel sick. The adder completely misses you.
All of the chunks of flesh in your inventory have rotted away.
You barely miss the adder. You block the adder's attack.
You block the goblin's attack.
Quiver which item? (- for none, * to show all) (? for menu, Esc to quit)
Okay, then.
Your shield and scale mail prevent you from hitting the goblin.
The adder barely misses you. You furiously retaliate!
You headbutt the adder. The goblin barely misses you.
You block the adder's attack.
You closely miss the goblin.
* * * LOW HITPOINT WARNING * * *
You feel sick. The adder bites you but does no damage.
The goblin hits you but does no damage.
You hit the goblin.
The goblin is heavily wounded.
The adder bites you.
You die...

#######.##.........#....###
...........................
######.##..#.##.#.####....
#............# #....
####.......##.## #....
#.....#....##.# #....
#.....#....## # #....
#.....#....# .# #####
####...@g..##.#
###...S.....#...
#...............
#....###w#.##.. #....#
#K#.# #....# #.#.###.#
###'## #w.......
#.####†#.###.# #......#.#


You could see a worm, an adder, a goblin and a kobold.

Vanquished Creatures
  3 adders (D:2)
  A dart slug (D:1)
  A ball python (D:1)
  7 goblins
  4 hobgoblins
  4 kobolds (D:1)
  4 bats
  2 frilled lizards
  3 rats
29 creatures vanquished.

Notes
Turn   | Place    | Note
-------+----------+-------------------------------------------
     0 | D:1      | Bacontarian the Minotaur Fighter began the quest for the
                  | Orb.
     0 | D:1      | Reached XP level 1. HP: 19/19 MP: 0/0
   195 | D:1      | Reached XP level 2. HP: 24/27 MP: 1/1
   521 | D:1      | Found a shattered altar of Ashenzari.
   927 | D:2      | Reached XP level 3. HP: 33/33 MP: 2/2
  1503 | D:2      | HP: 1/34 [poisoned by an adder]
  1504 | D:2      | Slain by an adder

Illustrated notes

Levels and vault maps discovered:
D:1:      dpeg_arrival_signposts, layout_basic, nicolae_ashenzari_panopticon
D:2:      minmay_chambers_of_ones, layout_basic, serial_corexii_hall,
          chequers_hall_statues_wall_a, corexii_hall_statues_i

Skill      XL: |  1  2  3 |
---------------+----------+-----
Fighting       | 4 |  4.3
Armour         | 4 |  4.2
Shields        | 4 |  4.2
Maces & Flails | 3 |  3.2

Action                   || total
-------------------------++-------
Melee: Flail             ||   103
       Headbutt          ||    12
  Eat: Chunk             ||     2
Armor: Scale mail        ||    42
Dodge: Dodged            ||    29
Block: Kite shield       ||    54
